 Dungeon Crawl Stone Soup version 0.31-a0-667-g39726597b9 (webtiles) character file.

Game seed: 18138606866890750858

11545 Zonian the Nimble (level 11, 0/84 HPs)
             Began as a Gnoll Hexslinger on Sept 3, 2023.
             Was a Believer of Nemelex Xobeh.
             Succumbed to a cane toad's poison
             ... on level 1 of the Lair of Beasts.
             The game lasted 01:15:37 (24453 turns).

Zonian the Nimble (Gnoll Hexslinger)               Turns: 24453, Time: 01:15:38

Health: 0/84       AC:  6    Str: 10    XL:     11   Next: 79%
Magic:  21/22      EV: 17    Int: 15    God:    Nemelex Xobeh [**....]
Gold:   513        SH:  0    Dex: 20    Spells: 5/24 levels left

rFire   . . .        M - +2 scimitar (flame)
rCold   + + +        (no shield)
rNeg    . . .        O - +4 skin of Zhor {*Englaciate rC+++ SInv}
rPois   .            r - melded +0 helmet
rElec   .            k - melded +0 cloak
rCorr   .            A - melded +0 pair of gloves
SInv    +            (boots currently unavailable)
Will    .....        w - amulet of magic regeneration
Stlth   ++++         i - ring of wizardry
HPRegen 0.34/turn    m - +6 ring of dexterity
MPRegen 0.58/turn

%: wizardry (x1)
@: lethally poisoned (0 -> -10), beast-form, on blink cooldown
A: beast (slay +3), fangs 1, strong nose, distributed training
a: Begin Untransformation, Renounce Religion, Draw Escape, Draw Destruction,
Draw Summoning


You were on level 1 of the Lair of Beasts.
You worshipped Nemelex Xobeh.
Nemelex Xobeh was pleased with you.
You were a hulking beast.
You visited 3 branches of the dungeon, and saw 10 of its levels.

You collected 513 gold pieces.

Inventory:

Hand Weapons
 a - a +2 sling
 e - a +2 short sword of freezing
 u - a +2 dagger of electrocution
 y - a +2 vampiric hand axe
 B - a +3 short sword
 E - a +4 dagger
 F - a +0 rapier
 J - a +0 orcbow
 M - a +2 scimitar of flaming (weapon)
Missiles
 l - 15 boomerangs
 q - 22 poisoned darts
Armour
 c - a +0 robe
 j - an orb of energy
 k - a +0 cloak (melded)
 n - +2 steam dragon scales
 p - a +0 ring mail
 r - a +0 helmet (melded)
 t - a +0 leather armour
 v - +0 ice dragon scales
 A - a +0 pair of gloves (melded)
 N - a scarf of resistance
 O - the +4 skin of Zhor (worn) {*Englaciate rC+++ SInv}
   (You found it on level 1 of the Lair of Beasts)

   *Englaciate: It radiates cold, occasionally slowing all nearby creatures who
   are not resistant to cold.
   rC+++:     It renders you almost immune to cold.
   SInv:      It lets you see invisible.
Magical Staves
 G - a staff of earth
Jewellery
 d - a ring of resist corrosion
 i - a ring of wizardry (left hand)
 m - a +6 ring of dexterity (right hand)
 w - an amulet of magic regeneration (around neck)
Talismans
 b - a serpent talisman
 h - a beast talisman (active)
Wands
 z - a wand of flame (14)
 C - a wand of mindburst (19)
 K - a wand of iceblast (4)
Scrolls
 g - 3 scrolls of revelation
 o - 3 scrolls of identify
 s - a scroll of amnesia
 x - a scroll of immolation
 I - a scroll of silence
Potions
 f - a potion of enlightenment
 D - 2 potions of degeneration
 L - a potion of resistance


   Skills:
 + Level 7.3 Fighting
 + Level 6.7 Short Blades
 + Level 6.7 Long Blades
 + Level 6.7 Axes
 + Level 6.7 Maces & Flails
 + Level 6.7 Polearms
 + Level 6.7 Staves
 + Level 8.2 Ranged Weapons
 + Level 6.7 Throwing
 + Level 6.7 Armour
 + Level 8.2 Dodging
 + Level 6.7 Stealth
 + Level 6.7 Shields
 + Level 6.7 Unarmed Combat
 + Level 7.4 Spellcasting
 + Level 5.6 Conjurations
 + Level 7.9 Hexes
 + Level 5.6 Summonings
 + Level 5.6 Necromancy
 + Level 5.6 Translocations
 + Level 5.6 Transmutations
 + Level 5.6 Fire Magic
 + Level 5.6 Ice Magic
 + Level 5.6 Air Magic
 + Level 5.6 Earth Magic
 + Level 5.6 Poison Magic
 + Level 7.4 Invocations
 + Level 6.7 Evocations
 + Level 6.1 Shapeshifting


You had 5 spell levels left.
You knew the following spells:

 Your Spells              Type           Power      Damage    Failure   Level
a - Slow                  Hex            100%       N/A       1%          1
b - Blink                 Tloc           44%        N/A       1%          2
c - Inner Flame           Hex/Fire       25%        N/A       1%          3
d - Portal Projectile     Hex/Tloc       50%        N/A       1%          3
e - Cause Fear            Hex            14%        N/A       1%          4
f - Volatile Blastmotes   Fire/Tloc      44%        2d13      1%          3
g - Dazzling Flash        Conj/Hex       50%        N/A       1%          3

Your spell library contained the following spells:

 Spells                   Type           Power      Damage    Failure   Level
 Fulminant Prism          Conj/Hex       12%        3d9       3%          4
 Iskenderun's Mystic Bla  Conj/Tloc      22%        2d6       5%          4
 Manifold Assault         Tloc           22%        N/A       5%          4
 Silence                  Hex/Air        12%        N/A       9%          5
 Agony                    Necr           22%        N/A       14%         5
 Alistair's Intoxication  Tmut/Pois      14%        N/A       14%         5
 Borgnjor's Vile Clutch   Necr/Erth      11%        N/A       14%         5
 Eringya's Noxious Bog    Tmut/Pois      11%        4d6       58%         6


Dungeon Overview and Level Annotations

Branches:
Dungeon (8/15)             Temple (1/1) D:4            Lair (1/5) D:8

Altars:
Ashenzari
Cheibriados
Dithmenos
Elyvilon
Gozag
Kikubaaqudgha
Makhleb
Nemelex Xobeh
Okawaru
Qazlal
Ru
Sif Muna
Uskayaw
Vehumet
Wu Jian
Xom
Yredelemnul
Zin
The Shining One

Shops:
D:4 (

Annotations:
D:3 1 runed translucent door, Crazy Yiuf, Sigmund
D:5 1 exclusion
D:6 Duvessa, Grinder
Lair:1 Gastronok


Innate Abilities, Weirdness & Mutations

You are a hulking beast.
Your limbs bulge with bestial killing power. (Slay +3)
You have very sharp teeth.
Your uncanny sense of smell can sniff out nearby items.
Your experience applies equally to all skills.


Message History

Found 10 gold pieces.
Found 19 gold pieces.
Unknown command.
Found a ring mail.
The yak barely misses you.
You hit the yak. You burn the yak.
The yak is heavily wounded.
The yak completely misses you.
You slash the yak! You burn the yak.
You kill the yak!
Unknown command.
You hit the cane toad. You burn the cane toad.
The cane toad is moderately wounded.
The cane toad stings you!!
You are poisoned.
The cane toad poisons you! The cane toad misses you.
You hit the cane toad. You burn the cane toad.
The cane toad is moderately wounded.
You feel very sick. The cane toad stings you!!
* * * LOW HITPOINT WARNING * * *
Unknown command.
Okay, then.
Okay, then.
Casting: Volatile Blastmotes (safe; 1% risk of failure)
Confirm with . or Enter, or press ? or * to list all spells.
You blink.
* * * LOW HITPOINT WARNING * * *
You feel very sick.
Unknown command.
Aiming: Iceblast
Press: ? - help, Shift-Dir - straight line, f - cane toad
Aim: a cane toad (translocational energy, moderately wounded)
The mass of ice explodes!
The iceblast engulfs the cane toad!
The cane toad is heavily wounded.
The iceblast engulfs the blink frog!!
The blink frog is almost dead.
The blink frog croaks.
You die...
Your body glows slightly and disappears.

..8..# ....F# ## ...w.##
.F. F. ...Y..# +.' #.
#.#Y### ... #. #.#.##
#.# #. #....# #.## #.
.#..## #..# #.##
.##.#####.#####.h####
...........FF......$....
####.#.######........#..
#.### #.........# #..#
##........# #.##
#.......[# ##.##
#........#
#.#...#######.....$...
........)............


You could see a cane toad and 2 blink frogs.

Vanquished Creatures
  Erica (Lair:1)
  A two-headed ogre (D:8)
  A torpor snail (Lair:1)
  A cane toad (Lair:1)
  Maggie (D:6)
  5 rime drakes (Lair:1)
  9 blink frogs (Lair:1)
  A wraith (D:7)
  9 yaks
  4 wyverns
  Grum (Lair:1)
  4 water moccasins
  An ice beast (D:5)
  3 sky beasts
  An orc warrior (D:8)
  A black bear (D:5)
  4 ogres
  4 wolves (Lair:1)
  2 centaurs
  A phantom (D:5)
  Blork the orc (D:5)
  2 kobold brigands (D:8)
  6 bullfrogs
  3 scorpions
  5 wights (D:6)
  Dowan (D:6)
  A howler monkey (D:4)
  3 jellies
  4 hounds
  A gnoll bouda (D:5)
  3 orc priests
  A human skeleton (D:5)
  Jessica (D:3)
  Terence (D:2)
  4 iguanas
  A sleepcap (D:7)
  Natasha (thrice) (D:3)
  8 orc wizards
  Robin (D:3)
  8 adders
  9 gnolls
  A shadow imp (D:6)
  2 white imps
  2 ufetubi
  3 worms
  5 dart slugs
  42 orcs
  5 endoplasms
  4 giant cockroaches
  15 goblins
  8 hobgoblins
  8 jackals
  6 quokkas
  11 ball pythons
  5 bats
  4 frilled lizards
  22 kobolds
  7 rats
272 creatures vanquished.

Vanquished Creatures (others)
  A cane toad (Lair:1)
  A jelly (D:5)
  A gnoll (D:6)
  An orc (D:5)
4 creatures vanquished.

Grand Total: 276 creatures vanquished

Notes
Turn   | Place    | Note
-------+----------+-------------------------------------------
     0 | D:1      | Zonian the Gnoll Hexslinger began the quest for the Orb.
     0 | D:1      | Reached XP level 1. HP: 17/17 MP: 4/4
   429 | D:1      | Reached XP level 2. HP: 23/23 MP: 5/5
  1002 | D:1      | Reached XP level 3. HP: 28/28 MP: 7/7
  1123 | D:1      | Reached skill level 1 in Invocations
  1645 | D:2      | Reached skill level 1 in Short Blades
  1645 | D:2      | Reached skill level 1 in Long Blades
  1645 | D:2      | Reached skill level 1 in Axes
  1645 | D:2      | Reached skill level 1 in Maces & Flails
  1645 | D:2      | Reached skill level 1 in Polearms
  1645 | D:2      | Reached skill level 1 in Staves
  1645 | D:2      | Reached skill level 1 in Throwing
  1645 | D:2      | Reached skill level 1 in Armour
  1645 | D:2      | Reached skill level 1 in Stealth
  1645 | D:2      | Reached skill level 1 in Shields
  1645 | D:2      | Reached skill level 1 in Unarmed Combat
  1645 | D:2      | Reached skill level 1 in Evocations
  1739 | D:2      | Noticed Terence
  1743 | D:2      | Reached XP level 4. HP: 34/34 MP: 8/8
  1751 | D:2      | Reached skill level 1 in Shapeshifting
  2359 | D:2      | Killed Terence
  2360 | D:2      | Reached skill level 1 in Conjurations
  2360 | D:2      | Reached skill level 1 in Summonings
  2360 | D:2      | Reached skill level 1 in Necromancy
  2360 | D:2      | Reached skill level 1 in Translocations
  2360 | D:2      | Reached skill level 1 in Transmutations
  2360 | D:2      | Reached skill level 1 in Fire Magic
  2360 | D:2      | Reached skill level 1 in Ice Magic
  2360 | D:2      | Reached skill level 1 in Air Magic
  2360 | D:2      | Reached skill level 1 in Earth Magic
  2360 | D:2      | Reached skill level 1 in Poison Magic
  2827 | D:3      | Noticed Sigmund
  3215 | D:3      | Learned a level 2 spell: Blink
  3232 | D:3      | Reached XP level 5. HP: 40/40 MP: 9/9
  3294 | D:3      | Noticed Natasha
  3305 | D:3      | Killed Natasha
  3662 | D:3      | Noticed Natasha
  3673 | D:3      | Killed Natasha
  3750 | D:3      | Noticed Jessica
  3752 | D:3      | Killed Jessica
  3764 | D:3      | Found a runed translucent door.
  3765 | D:3      | Noticed Crazy Yiuf
  3867 | D:3      | Noticed Natasha
  3881 | D:3      | Killed Natasha
  3882 | D:3      | Reached XP level 6. HP: 23/47 MP: 9/11
  3903 | D:3      | Noticed Robin
  4251 | D:4      | Reached skill level 5 in Ranged Weapons
  4251 | D:4      | Reached skill level 5 in Dodging
  4657 | D:4      | Noticed a water moccasin
  5022 | D:4      | Learned a level 3 spell: Inner Flame
  5119 | D:4      | Found Vutytut's Weapon Emporium.
  5314 | D:4      | Reached XP level 7. HP: 52/52 MP: 12/12
  7248 | D:3      | Killed Robin
  7526 | D:4      | Learned a level 3 spell: Portal Projectile
  7531 | D:4      | Learned a level 4 spell: Cause Fear
  8276 | D:4      | Found a staircase to the Ecumenical Temple.
  8283 | Temple   | Entered the Ecumenical Temple
  8328 | Temple   | Became a worshipper of Nemelex Xobeh the Trickster
  8400 | D:5      | Entered Level 5 of the Dungeon
  8455 | D:5      | Reached XP level 8. HP: 33/60 MP: 14/14
 10443 | D:5      | Found a runed translucent door.
 10458 | D:5      | Found a basalt altar of Yredelemnul.
 11755 | D:5      | Noticed Blork the orc
 12024 | D:6      | Noticed Grinder
 12451 | D:6      | Noticed Maggie
 12615 | D:6      | Found a shadowy altar of Dithmenos.
 12829 | D:6      | Reached XP level 9. HP: 66/66 MP: 16/16
 13106 | D:6      | Noticed a cyclops
 13159 | D:5      | Killed Blork the orc
 13298 | D:6      | Reached skill level 5 in Spellcasting
 13622 | D:6      | Killed Maggie
 13623 | D:6      | Reached skill level 5 in Fighting
 14028 | D:6      | Found a sacrificial altar of Ru.
 14047 | D:6      | Noticed Duvessa
 14049 | D:6      | Noticed Dowan
 14749 | D:6      | Reached skill level 5 in Invocations
 14977 | D:6      | Killed Dowan
 15630 | D:6      | Learned a level 3 spell: Volatile Blastmotes
 16277 | D:7      | Learned a level 3 spell: Dazzling Flash
 16481 | D:7      | Reached * piety under Nemelex Xobeh
 16868 | D:7      | Received a gift from Nemelex Xobeh
 17273 | D:8      | Noticed a two-headed ogre
 17277 | D:7      | Reached XP level 10. HP: 54/75 MP: 18/18
 18165 | D:8      | Reached skill level 5 in Short Blades
 18165 | D:8      | Reached skill level 5 in Long Blades
 18165 | D:8      | Reached skill level 5 in Axes
 18165 | D:8      | Reached skill level 5 in Maces & Flails
 18165 | D:8      | Reached skill level 5 in Polearms
 18165 | D:8      | Reached skill level 5 in Staves
 18165 | D:8      | Reached skill level 5 in Throwing
 18165 | D:8      | Reached skill level 5 in Armour
 18165 | D:8      | Reached skill level 5 in Stealth
 18165 | D:8      | Reached skill level 5 in Shields
 18165 | D:8      | Reached skill level 5 in Unarmed Combat
 18165 | D:8      | Reached skill level 5 in Evocations
 18667 | D:8      | Killed a two-headed ogre
 19671 | D:8      | Found a radiant altar of Vehumet.
 20047 | D:8      | Reached skill level 5 in Shapeshifting
 20655 | D:8      | Found a staircase to the Lair.
 21052 | D:8      | Found a stormy altar of Qazlal.
 21052 | D:8      | Found an ancient bone altar of Kikubaaqudgha.
 21653 | Lair:1   | Entered Level 1 of the Lair of Beasts
 21653 | Lair:1   | Noticed Erica
 21667 | Lair:1   | Killed Erica
 21668 | Lair:1   | Reached skill level 5 in Conjurations
 21668 | Lair:1   | Reached skill level 5 in Summonings
 21668 | Lair:1   | Reached skill level 5 in Necromancy
 21668 | Lair:1   | Reached skill level 5 in Translocations
 21668 | Lair:1   | Reached skill level 5 in Transmutations
 21668 | Lair:1   | Reached skill level 5 in Fire Magic
 21668 | Lair:1   | Reached skill level 5 in Ice Magic
 21668 | Lair:1   | Reached skill level 5 in Air Magic
 21668 | Lair:1   | Reached skill level 5 in Earth Magic
 21668 | Lair:1   | Reached skill level 5 in Poison Magic
 21668 | Lair:1   | Reached XP level 11. HP: 79/83 MP: 19/21
 22155 | Lair:1   | Noticed Gastronok
 22156 | Lair:1   | Found the +4 skin of Zhor {*Englaciate rC+++ SInv}
 22437 | Lair:1   | Reached ** piety under Nemelex Xobeh
 23623 | Lair:1   | Noticed Grum
 23653 | Lair:1   | Killed Grum
 24452 | Lair:1   | HP: 2/84 [poisoned by a cane toad]
 24453 | Lair:1   | Succumbed to a cane toad's poison

Illustrated notes

Levels and vault maps discovered:
D:1:      wander_arrival_lonely_grave, layout_basic, dk_noncrumbling_3,
          st_stairs_2, minmay_tromino_i4
D:2:      layout_basic, uniq_terence
D:3:      layout_rooms, uniq_crazy_yiuf_cottage, uniq_natasha, uniq_robin,
          uniq_jessica, uniq_sigmund
D:4:      layout_loops_corners, temple_green, serial_shops, shop_statue,
          minmay_fractal_squares_gapless_5
D:5:      layout_basic, dk_yredelemnul_ordeal, uniq_blork_the_orc
D:6:      minmay_chambers_of_sixes, layout_loops_ring,
          grunt_dithmenos_smoke_and_mirrors,
          nicolae_ru_great_annihilating_truth, serial_park_tiny_1, uniq_maggie,
          uniq_duvessa, uniq_grinder
D:7:      layout_loops_corners, moated_statue, nicolae_underground_beach
D:8:      layout_loops_cross, nicolae_overflow_two_pavilions,
          mainiacjoe_overflow_catwalk, minmay_lair_entry_grove,
          chequers_serial_rivers_micro_d, chequers_serial_rivers_large_a
Temple:   nicolae_temple_ecumenical_triangle
Lair:1:   layout_small_grid, hellmonk_guarded_unrand_zhor, grunt_megastairs_3,
          uniq_grum, uniq_erica, uniq_gastronok, uniq_amaemon

Skill      XL: |  1  2  3  4  5  6  7  8  9 10 11 |
---------------+----------------------------------+-----
Invocations    | 1 2 3 4 5 6 7 |  7.4
Short Blades   | 1 2 3 4 6 |  6.7
Long Blades    | 1 2 3 4 6 |  6.7
Axes           | 1 2 3 4 6 |  6.7
Maces & Flails | 1 2 3 4 6 |  6.7
Polearms       | 1 2 3 4 6 |  6.7
Staves         | 1 2 3 4 6 |  6.7
Throwing       | 1 2 3 4 6 |  6.7
Armour         | 1 2 3 4 6 |  6.7
Stealth        | 1 2 3 4 6 |  6.7
Shields        | 1 2 3 4 6 |  6.7
Unarmed Combat | 1 2 3 4 6 |  6.7
Evocations     | 1 2 3 4 6 |  6.7
Shapeshifting  | 1 2 3 4 5 6 |  6.1
Spellcasting   | 3 4 5 6 7 |  7.4
Conjurations   | 1 2 3 4 5 |  5.6
Summonings     | 1 2 3 4 5 |  5.6
Necromancy     | 1 2 3 4 5 |  5.6
Translocations | 1 2 3 4 5 |  5.6
Transmutations | 1 2 3 4 5 |  5.6
Fire Magic     | 1 2 3 4 5 |  5.6
Ice Magic      | 1 2 3 4 5 |  5.6
Air Magic      | 1 2 3 4 5 |  5.6
Earth Magic    | 1 2 3 4 5 |  5.6
Poison Magic   | 1 2 3 4 5 |  5.6
Fighting       | 3 4 5 6 7 |  7.3
Ranged Weapons | 5 6 7 8 |  8.2
Dodging        | 5 6 7 8 |  8.2
Hexes          | 6 7 |  7.9

Action                     |  1- 3 |  4- 6 |  7- 9 | 10-12 || total
---------------------------+-------+-------+-------+-------++-------
  Melee: Dagger            |       |       |   118 |   326 ||   444
         Bite              |       |       |    19 |    46 ||    65
         Punch             |       |       |     2 |    21 ||    23
         Scimitar          |       |       |       |    11 ||    11
   Fire: Sling             |   113 |   209 |   478 |    35 ||   835
  Throw: Throwing net      |       |       |     1 |       ||     1
         Dart              |       |       |     2 |       ||     2
   Cast: Slow              |     9 |    16 |    54 |    17 ||    96
         Blink             |       |     1 |    11 |     1 ||    13
         Inner Flame       |       |       |     2 |       ||     2
         Cause Fear        |       |       |    11 |     2 ||    13
         Volatile Blastmot |       |       |     1 |     7 ||     8
         Portal Projectile |       |       |     1 |       ||     1
         Dazzling Flash    |       |       |       |     2 ||     2
 Invoke: Draw Destruction  |       |       |       |     5 ||     5
Ability: Begin Untransform |       |       |       |     1 ||     1
  Evoke: Wand              |       |       |    10 |    12 ||    22
    Use: Scroll            |       |    11 |    10 |     2 ||    23
         Potion            |       |     3 |     2 |     2 ||     7
   Stab: Sleeping          |       |       |     4 |       ||     4
         Distracted        |       |       |       |     1 ||     1
         Invisible         |       |       |       |     1 ||     1
 Armour: Robe              |    17 |    70 |       |       ||    87
         Skin              |       |     6 |       |       ||     6
         Ring mail         |       |     1 |       |       ||     1
         Leather armour    |       |       |   196 |       ||   196
         Steam dragon scal |       |       |    47 |   101 ||   148
         Animal skin       |       |       |       |    38 ||    38
  Dodge: Dodged            |    27 |   103 |   319 |   176 ||   625
   Form: Beast             |       |       |       |     2 ||     2

Table legend: (Time is in decaauts)
 A = Elapsed time spent in this place.
 B = Non-inter-level travel time spent in this place.
 C = Inter-level travel time spent in this place.
 D = Time resting spent in this place.
 E = Time spent auto-exploring this place.
 F = Levels seen in this place.
 G = Mean time per level.
                   A        B        C        D        E       F      G
               +--------+--------+--------+--------+--------+-----+--------+
         Total |  24481 |  23577 |    904 |  14368 |   3837 |  10 | 2448.1 |
       Dungeon |  21657 |  20766 |    891 |  12276 |   3667 |   8 | 2707.1 |
        Temple |     58 |     45 |     13 |      0 |      0 |   1 |   58.0 |
          Lair |   2765 |   2765 |      0 |   2092 |    170 |   1 | 2765.0 |
               +--------+--------+--------+--------+--------+-----+--------+

Top non-repeatable levels by time:
     D:5: 4875 daAuts
     D:7: 4232 daAuts
     D:4: 3127 daAuts
     D:3: 2928 daAuts
  Lair:1: 2765 daAuts
     D:6: 2190 daAuts
     D:2: 1612 daAuts
     D:8: 1361 daAuts
     D:1: 1330 daAuts
  Temple: 58 daAuts
